 Dungeon Crawl Stone Soup version 0.30-a0-760-g5a9884bb7c (webtiles) character file.

Game seed: 6852232972850483491

914 boo the Slasher (level 7, 0/63 HPs)
             Began as a Minotaur Fighter on Feb 11, 2023.
             Was a Believer of Okawaru.
             Blown up by an orc (8 damage)
             ... with a mindburst bolt
             ... on level 4 of the Dungeon.
             The game lasted 00:05:36 (4003 turns).

boo the Slasher (Minotaur Fighter)                  Turns: 4003, Time: 00:05:36

Health: 0/63       AC: 10    Str: 18    XL:     7   Next: 82%
Magic:  6/6        EV: 14    Int:  5    God:    Okawaru [**....]
Gold:   200        SH:  5    Dex: 13    Spells: 6/6 levels left

rFire   . . .      SeeInvis .    a - +0 long sword
rCold   . . .      Faith    .    c - +0 buckler
rNeg    . . .      Spirit   .    b - +0 scale mail
rPois   .          Reflect  .    n - +2 hat
rElec   .          Harm     .    (no cloak)
rCorr   .          Rampage  .    (no gloves)
Will    .....                    h - +0 pair of boots Stlth
                                 (no amulet)
HPRegen 0.30/turn                o - ring of the Cicada {Fly EV+5 Str-4 Dex+3}
MPRegen 0.10/turn                (no ring)

@: flying
A: horns 2, retaliatory headbutt
a: Renounce Religion, Heroism


You were on level 4 of the Dungeon.
You worshipped Okawaru.
Okawaru was pleased with you.
You visited 2 branches of the dungeon, and saw 5 of its levels.

You collected 200 gold pieces.

Inventory:

Hand Weapons
 a - a +0 long sword (weapon)
Armour
 b - a +0 scale mail (worn)
 c - a +0 buckler (worn)
 h - a +0 pair of boots (worn)
 n - a +2 hat (worn)
Jewellery
 o - the ring of the Cicada (left hand) {Fly EV+5 Str-4 Dex+3}
   (You found it on level 2 of the Dungeon)

   [ring of evasion]

   EV:        It affects your evasion (+5).
   Str:       It affects your strength (-4).
   Dex:       It affects your dexterity (+3).
   Fly:       It grants you flight.
Scrolls
 e - 2 scrolls of teleportation
 f - a scroll of magic mapping
 g - a scroll of enchant weapon {unknown}
 i - a scroll of silence
 j - 2 scrolls of immolation
 l - a scroll of poison {unknown}
 p - 2 scrolls of blinking {unknown}
 r - a scroll of enchant armour {unknown}
 s - 2 scrolls of vulnerability {unknown}
Potions
 d - a potion of might
 k - a potion of berserk rage {unknown}
 m - a potion of curing {unknown}
 q - a potion of heal wounds {unknown}
 t - a potion of cancellation {unknown}


   Skills:
 + Level 6.2 Fighting
 * Level 7.6 Long Blades
 + Level 6.2 Armour
 - Level 5.0 Shields


You had 6 spell levels left.
You didn't know any spells.
Your spell library contained the following spells:

 Spells                   Type           Power      Damage    Failure   Level
 Lesser Beckoning         Tloc           0%         N/A       96%         2
 Frozen Ramparts          Ice            0%         1d1       99%         3
 Gell's Gravitas          Tloc           0%         N/A       99%         3
 Teleport Other           Tloc           0%         N/A       99%         3
 Ice Form                 Ice/Tmut       0%         N/A       100%        4
 Summon Ice Beast         Ice/Summ       Unusable   N/A       N/A         4

Dungeon Overview and Level Annotations

Branches:
Dungeon (4/15)             Temple (1/1) D:4

Altars:
Ashenzari
Dithmenos
Fedhas
Gozag
Makhleb
Okawaru
Qazlal
Ru
Sif Muna
Vehumet
Wu Jian
Zin
The Shining One

Shops:
D:2 (   D:3 =


Innate Abilities, Weirdness & Mutations

You have a pair of horns on your head.
You reflexively headbutt those who attack you in melee.


Message History

The orc is moderately wounded.
The gnoll sergeant hits you but does no damage.
The orc hits you but does no damage.
You slash the orc!
You kill the orc!
Okawaru accepts your kill.
The gnoll sergeant hits you from afar with a +0 spear.
You hit the orc but do no damage. You headbutt the orc!
You kill the orc!
Okawaru accepts your kill.
The gnoll sergeant hits you from afar with a +0 spear.
The gnoll sergeant hits you with a +0 spear.
Something hits you but does no damage.
Items here: ))) [ †††.
You hit the gnoll sergeant. You headbutt the gnoll sergeant.
The gnoll sergeant is moderately wounded.
The gnoll sergeant barely misses you. Something barely misses you.
You hit the gnoll sergeant but do no damage.
The gnoll sergeant is moderately wounded.
You block the gnoll sergeant's attack.
You hear a zap.
Your mind is blasted!
You hit the gnoll sergeant. You headbutt the gnoll sergeant.
The gnoll sergeant is severely wounded.
The gnoll sergeant completely misses you.
You furiously retaliate!
You headbutt the gnoll sergeant. Something barely misses you.
You closely miss the gnoll sergeant.
The gnoll sergeant is severely wounded.
Something hits you but does no damage.
The gnoll sergeant hits you with a +0 spear!
* * * LOW HITPOINT WARNING * * *
You barely miss the gnoll sergeant.
You headbutt the gnoll sergeant, but do no damage.
The gnoll sergeant is severely wounded.
The gnoll sergeant hits you with a +0 spear!
* * * LOW HITPOINT WARNING * * *
You hear a zap.
Your mind is blasted!
You die...

......'....'.....)..)..'.#.~≈~...
......#....#...........#.#.~≈≈...
########################.#.~≈~...
........'.#......#.~≈≈..P
........#.#......#.~~~...
........#.##'###.#.≈≈~...
...o..og#.#....#.#.~≈~...
#######'###.)..#.#.≈≈~...
#.....g@)'....#'###≈~...
########################...#≈~...
.......................#..g#≈~...
≈~~~~~~~≈~≈~≈†~~~~~~~~†#####≈~...
≈≈≈≈≈~≈≈~~≈≈≈~≈≈≈≈≈≈≈≈≈≈≈≈≈≈≈~...
≈~~≈~~~~~~~~~~~†~~~≈~~~≈~~~~~~...
..P................P.............
P..........................P.....
#################################


You could see a gnoll sergeant, a gnoll and an orc.

Vanquished Creatures
  Grinder (D:3)
  A phantom (D:4)
  A howler monkey (D:4)
  A jelly (D:4)
  4 hounds (D:4)
  A gnoll bouda (D:4)
  2 orc priests (D:4)
  An orc wizard (D:3)
  6 adders
  13 gnolls
  2 dart slugs (D:1)
  A worm (D:3)
  25 orcs
  4 bats
  12 endoplasms
  5 giant cockroaches
  9 goblins
  9 hobgoblins
  16 jackals
  5 quokkas
  9 ball pythons
  4 frilled lizards
  11 kobolds
  6 rats
149 creatures vanquished.

Vanquished Creatures (others)
  A fungus (D:4)
1 creature vanquished.

Grand Total: 150 creatures vanquished

Notes
Turn   | Place    | Note
-------+----------+-------------------------------------------
     0 | D:1      | boo the Minotaur Fighter began the quest for the Orb.
     0 | D:1      | Reached XP level 1. HP: 19/19 MP: 0/0
   219 | D:1      | Reached XP level 2. HP: 27/27 MP: 1/1
   250 | D:1      | Reached skill level 3 in Long Blades
   510 | D:1      | Reached XP level 3. HP: 33/33 MP: 2/2
   958 | D:2      | Found a blossoming altar of Fedhas.
  1113 | D:2      | Identified the ring of the Cicada {Fly EV+5 Str-4 Dex+3}
  1213 | D:2      | Reached XP level 4. HP: 40/40 MP: 3/3
  1322 | D:2      | Found a faded altar of an unknown god.
  1534 | D:2      | Found Vuap's Antique Weapon Emporium.
  1599 | D:3      | Found Uxkieg's Jewellery Shoppe.
  1608 | D:3      | Reached skill level 4 in Long Blades
  1662 | D:3      | Found a glowing golden altar of the Shining One.
  1763 | D:3      | You are sucked into a shaft and drop 1 floor!
  1977 | D:3      | Found an opulent altar of Gozag.
  2015 | D:3      | Found a burning altar of Makhleb.
  2017 | D:3      | Noticed a green death
  2021 | D:3      | Noticed a smoke demon
  2021 | D:3      | Noticed a hellwing
  2384 | D:3      | Reached XP level 5. HP: 47/47 MP: 4/4
  2657 | D:4      | Found a staircase to the Ecumenical Temple.
  2660 | D:4      | Reached skill level 5 in Long Blades
  2663 | Temple   | Entered the Ecumenical Temple
  2671 | Temple   | Became a worshipper of Warmaster Okawaru
  2752 | D:4      | Reached XP level 6. HP: 55/55 MP: 5/5
  2755 | D:4      | Found a stormy altar of Qazlal.
  2818 | D:4      | Reached skill level 5 in Fighting
  2903 | D:4      | Reached skill level 5 in Armour
  2907 | D:4      | Noticed Grinder
  2911 | D:4      | Reached skill level 5 in Shields
  2915 | D:4      | Paralysed by Grinder for 2 turns
  3100 | D:3      | Paralysed by Grinder for 4 turns
  3105 | D:3      | Killed Grinder
  3105 | D:3      | Reached * piety under Okawaru
  3106 | D:3      | Reached skill level 6 in Long Blades
  3106 | D:3      | Reached XP level 7. HP: 51/61 MP: 6/6
  3324 | D:4      | Found a glowing silver altar of Zin.
  3770 | D:4      | Reached skill level 7 in Long Blades
  3996 | D:4      | Reached ** piety under Okawaru
  4003 | D:4      | Blown up by an orc

Illustrated notes

Levels and vault maps discovered:
D:1:      sevenhm_arrival_forest_fort_small_6, layout_loops_corners
D:2:      layout_loops_ring, basic_altar,
          dreamdust_ecumenical_altar_angels_and_demons, serial_shops, shop
D:3:      layout_loops_ring, mainiacjoe_overflow_tiny_flanked,
          makhleb_altar_promises_db, mainiacjoe_overflow_cross_hatched,
          serial_shops, shop, minmay_increasing_density
D:4:      lemuel_castle_with_subvaults [lemuel_castle_interior_carwin_1],
          layout_basic, marbit_many_paths, mainiacjoe_overflow_alcove_4,
          minmay_temple_entry_proselytizer, uniq_grinder
Temple:   nicolae_temple_ecumenical_triangle

Skill      XL: |  1  2  3  4  5  6  7 |
---------------+----------------------+-----
Long Blades    | 3 4 5 6 7 |  7.6
Fighting       | 4 5 6 |  6.2
Shields        | 4 5 |  5.0
Armour         | 4 5 6 |  6.2

Action                     |  1- 3 |  4- 6 |  7- 9 || total
---------------------------+-------+-------+-------++-------
  Melee: Long sword        |    95 |   159 |    98 ||   352
         Headbutt          |    12 |    26 |    19 ||    57
    Use: Scroll            |       |     5 |       ||     5
 Armour: Scale mail        |    35 |    65 |    25 ||   125
  Dodge: Dodged            |    39 |   102 |    64 ||   205
  Block: Buckler           |    20 |    42 |    16 ||    78

Table legend: (Time is in decaauts)
 A = Elapsed time spent in this place.
 B = Non-inter-level travel time spent in this place.
 C = Inter-level travel time spent in this place.
 D = Time resting spent in this place.
 E = Time spent auto-exploring this place.
 F = Levels seen in this place.
 G = Mean time per level.
                   A        B        C        D        E       F      G
               +--------+--------+--------+--------+--------+-----+--------+
         Total |   4070 |   3938 |    132 |    251 |   2871 |   5 |  814.0 |
       Dungeon |   4054 |   3929 |    125 |    251 |   2871 |   4 | 1013.5 |
        Temple |     15 |      8 |      7 |      0 |      0 |   1 |   15.0 |
               +--------+--------+--------+--------+--------+-----+--------+

Top non-repeatable levels by time:
     D:4: 1367 daAuts
     D:3: 1081 daAuts
     D:1: 943 daAuts
     D:2: 663 daAuts
  Temple: 15 daAuts
